[Event "*** Titled Tuesday Blitz"]
[Site "Chess.com"]
[Date "2020.04.21"]
[Round "9"]
[White "zurzan"]
[Black "Bajecny"]
[Result "1-0"]
[WhiteElo "2047"]
[BlackElo "2360"]
[TimeControl "180+1"]
[EndTime "11:46:47 PDT"]
[Termination "zurzan won by resignation"]

1. f4 d5 2. Nf3 c5 3. g3 Nc6 4. Bg2 Nf6 5. O-O g6 6. d3 Bg7 7. c3 O-O 8. Qe1 d4 9. Na3 e5 10. fxe5 Ng4 11. Nc4 Ncxe5 12. Ncxe5 Nxe5 13. Nxe5 Bxe5 14. Bf4 Bg7 15. c4 Qb6 16. Rb1 Be6 17. b4 Rfe8 18.
bxc5 Qxc5 19. Rb5 Qa3 20. Qb1 Bg4 21. Rb3 Qa4 22. Rb4 Qa5 23. Rb5 Qa3 24. Rb3 Qf8 25.
Bxb7 Rxe2 26. Bxa8 Qxa8 27. Rb8+ 1-0

[Event "*** Titled Tuesday Blitz"]
[Site "Chess.com"]
[Date "2020.04.21"]
[Round "9"]
[White "hongnhung1234"]
[Black "Kawhi_Leonard2"]
[Result "1-0"]
[WhiteElo "2176"]
[BlackElo "2274"]
[TimeControl "180+1"]
[EndTime "11:46:50 PDT"]
[Termination "hongnhung1234 won by resignation"]

1. e4 c5 2. Nc3 Nc6 3. f4 g6 4.
Nf3 Bg7 5. Bc4 e6 6. O-O Nge7 7.
d3 d5 8. Bb3 dxe4 9. dxe4 Qxd1 10. Rxd1 O-O 11. Be3 b6 12. Nb5 a6 13. Nd6 Na5 14. c3 Rd8 15. e5 Bd7 16. Ng5 Nf5 17. Ndxf7 Nxe3 18. Nxd8 Nxd1 19. Rxd1 Nxb3 20. Rxd7 Nc1 21.
Ndxe6 Bh6 22. Ne4 Rf8 23. Nf6+ Rxf6 24. exf6 Ne2+ 25. Kf2 Nxf4 26. f7+ Kh8 27. Rd8+ 1-0

[Event "*** Titled Tuesday Blitz"]
[Site "Chess.com"]
[Date "2020.04.21"]
[Round "9"]
[White "Manukyan_Artak"]
[Black "Vesper2018"]
[Result "0-1"]
[WhiteElo "2357"]
[BlackElo "2026"]
[TimeControl "180+1"]
[EndTime "11:46:52 PDT"]
[Termination "Vesper2018 won by resignation"]

1. e4 c5 2. Nf3 d6 3. Bb5+ Bd7 4. Bxd7+ Nxd7 5. c4 Ngf6 6. Nc3 g6 7. d3 Bg7 8.
Bg5 h6 9. Bf4 O-O 10. Qd2 Kh7 11.
h3 e5 12. Be3 Ne8 13. g4 Nc7 14. O-O-O Rb8 15. h4 b5 16. h5 g5 17. Ne1 a6 18.
Ng2 Ne6 19. Nd5 Nd4 20. Bxd4 cxd4 21. Kb1 Nc5 22. f3 f6 23. Ka1 Rf7 24. Rb1 b4 25.
Rhd1 Nb3+ 0-1

[Event "*** Titled Tuesday Blitz"]
[Site "Chess.com"]
[Date "2020.04.21"]
[Round "9"]
[White "Sychev_Klementy"]
[Black "aNaartjieZA"]
[Result "1-0"]
[WhiteElo "2826"]
[BlackElo "2595"]
[TimeControl "180+1"]
[EndTime "11:47:00 PDT"]
[Termination "Sychev_Klementy won by resignation"]

1. e4 e6 2. Nf3 d5 3. exd5 exd5 4.
d4 Bd6 5. Bd3 Ne7 6. O-O c6 7.
Re1 Bg4 8. Bg5 f6 9. Bh4 Qc7 10. h3 Bh5 11. g4 Bg6 12. Nc3 O-O 13. Qe2 Bxd3 14. Qxd3 Ng6 15. Ne2 Nf4 16. Nxf4 Bxf4 17. Re6 Nd7 18. Rae1 Rad8 19. Kg2 Bd6 20. Bg3 Bxg3 21.
fxg3 c5 22. Nh4 cxd4 23. Re7 Qc6 24. Nf5 Ne5 25. R7xe5 fxe5 26. Ne7+ 1-0

[Event "*** Titled Tuesday Blitz"]
[Site "Chess.com"]
[Date "2020.04.21"]
[Round "9"]
[White "Pomegranate988"]
[Black "UmutErdemGunduz"]
[Result "0-1"]
[WhiteElo "2470"]
[BlackElo "2382"]
[TimeControl "180+1"]
[EndTime "11:47:04 PDT"]
[Termination "UmutErdemGunduz won by resignation"]

1. d4 Nf6 2. c4 e6 3. g3 c5 4. Nf3 cxd4 5. Nxd4 Nc6 6. Bg2 Bc5 7. Nb3 Bb4+ 8.
N1d2 O-O 9. O-O d5 10. a3 Be7 11. cxd5 Nxd5 12. e4 Nb6 13. Qe2 e5 14. Nf3 Be6 15. Rd1 Qc7 16. Nbd2 Rfd8 17. b4 a5 18. b5 Nd4 19.
Nxd4 exd4 20. Bb2 Qc2 21. Rdb1 Nc4 22. Bc1 d3 23. Qe1 Bf6 24. e5 Bxe5 25. Bxb7 Bxa1 26. Bxa8 Bc3 27. Be4 Qxb1 0-1

[Event "*** Titled Tuesday Blitz"]
[Site "Chess.com"]
[Date "2020.04.21"]
[Round "9"]
[White "profofchess"]
[Black "SHIVACalypso"]
[Result "1-0"]
[WhiteElo "2368"]
[BlackElo "2232"]
[TimeControl "180+1"]
[EndTime "11:47:10 PDT"]
[Termination "profofchess won by resignation"]

1. e4 e6 2. d4 d5 3. Nc3 Nf6 4. Bg5 dxe4 5. Nxe4 Be7 6. Bxf6 gxf6 7. Nf3 f5 8. Nc3 a6 9. g3 b5 10. Bg2 Bb7 11.
O-O O-O 12. a3 c5 13. d5 exd5 14. Ne5 Bf6 15. f4 Qb6 16. Nxd5 Bxd5 17. Bxd5 Ra7 18. Qh5 Bxe5 19. fxe5 Qg6 20. Qxf5 Qxf5 21. Rxf5 Rd7 22. e6 Rd6 23. e7 Rc8 24. Bxf7+ Kg7 25. e8=Q 1-0

[Event "*** Titled Tuesday Blitz"]
[Site "Chess.com"]
[Date "2020.04.21"]
[Round "9"]
[White "harkerchess"]
[Black "Qingdom"]
[Result "0-1"]
[WhiteElo "1946"]
[BlackElo "2191"]
[TimeControl "180+1"]
[EndTime "11:47:10 PDT"]
[Termination "Qingdom won by resignation"]

1. d4 d5 2. c4 e6 3. Nc3 c5 4. cxd5 exd5 5. dxc5 d4 6. Ne4 Bf5 7. Ng3 Bg6 8. e3 Bxc5 9. Bb5+ Nc6 10. exd4 Bxd4 11. Nf3 Qa5+ 12. Qd2 Qxb5 13. Nxd4 Nxd4 14. Qxd4 Nf6 15. a4 Qa6 16. b4 O-O 17. b5 Rfe8+ 18. Kf1 Qe6 19. Be3 Rad8 20. Qc3 Nd5 21. Qb3 Nxe3+ 22.
Qxe3 Qc4+ 0-1

[Event "*** Titled Tuesday Blitz"]
[Site "Chess.com"]
[Date "2020.04.21"]
[Round "9"]
[White "shyam"]
[Black "Alexander_Donchenko"]
[Result "0-1"]
[WhiteElo "2653"]
[BlackElo "2800"]
[TimeControl "180+1"]
[EndTime "11:47:11 PDT"]
[Termination "Alexander_Donchenko won by resignation"]

1. Nc3 Nf6 2. e4 d5 3. exd5 Nxd5 4. Bc4 c6 5. Qf3 e6 6. Nge2 Be7 7. d4 O-O 8. a3 Nd7 9. O-O b6 10. Nxd5 cxd5 11. Bd3 a5 12. Nf4 Ba6 13. Bxa6 Rxa6 14. a4 Ra8 15. c3 Nf6 16. Nd3 Ne4 17. Qe2 Rc8 18. f3 Nd6 19. Bf4 Nc4 20. Kh1 Bd6 21. Be5 Qd7 22. f4 Be7 23. f5 exf5 24. Qh5 g6 25.
Qh6 f6 26. Bg3 Bd6 27. Bxd6 Nxd6 28. h4 Rce8 29. Rae1 Re4 30. Nf2 Nf7 31. Qd2 Rxh4+ 32. Kg1 Qd6 33. Nh3 Ng5 34. Re3 Nxh3+ 35. gxh3 Re4 36. Rxe4 Qg3+ 0-1

[Event "*** Titled Tuesday Blitz"]
[Site "Chess.com"]
[Date "2020.04.21"]
[Round "9"]
[White "MPGM"]
[Black "2165149677570"]
[Result "1-0"]
[WhiteElo "2548"]
[BlackElo "2353"]
[TimeControl "180+1"]
[EndTime "11:47:19 PDT"]
[Termination "MPGM won by resignation"]

1. d4 Nf6 2. Nf3 b6 3. g3 Bb7 4.
Bg2 e6 5. O-O c5 6. c4 cxd4 7.
Qxd4 Be7 8. Bf4 d6 9. Qd2 e5 10. Bg5 Ne4 11. Bxe7 Nxd2 12. Bxd8 Nxf3+ 13. Bxf3 Bxf3 14. exf3 Kxd8 15. Nc3 Nc6 16. Kg2 Nd4 17. Rad1 Rc8 18. b3 a6 19. f4 b5 20. fxe5 dxe5 21. Ne2 bxc4 22. Nxd4 exd4 23. Rxd4+ Ke7 24. Re1+ Kf6 25.
Rd6+ Kf5 26. bxc4 Rxc4 27. Rxa6 Rd8 28. Re7 f6 29. Rxg7 Rd2 30. Rf7 Rcc2 31. Rfxf6+ Kg5 32. h4+ Kh5 33. Ra5+ 1-0

[Event "*** Titled Tuesday Blitz"]
[Site "Chess.com"]
[Date "2020.04.21"]
[Round "9"]
[White "StegariuVlad"]
[Black "steepedgames"]
[Result "1-0"]
[WhiteElo "2504"]
[BlackElo "2333"]
[TimeControl "180+1"]
[EndTime "11:47:25 PDT"]
[Termination "StegariuVlad won by resignation"]

1. e4 e6 2. d4 d5 3. Nd2 Nf6 4. e5 Nfd7 5. Bd3 c5 6. c3 f5 7. exf6 Nxf6 8. Ne2 Nc6 9. Nf3 Bd6 10. O-O O-O 11.
Bf4 Qc7 12. Bxd6 Qxd6 13. Bb5 Ng4 14. Ng3 a6 15. Bxc6 bxc6 16. h3 Nh6 17. Ne5 Rb8 18.
Qd2 Nf7 19. Rfe1 Nxe5 20. Rxe5 cxd4 21. cxd4 c5 22. Rc1 cxd4 23. Qxd4 Bd7 24. Ne4 Rb4 25.
Nxd6 Rxd4 26. Rc7 Bb5 27. Rxe6 1-0

[Event "*** Titled Tuesday Blitz"]
[Site "Chess.com"]
[Date "2020.04.21"]
[Round "9"]
[White "Alexchess1984"]
[Black "Gareth-Bale11"]
[Result "0-1"]
[WhiteElo "2572"]
[BlackElo "2746"]
[TimeControl "180+1"]
[EndTime "11:47:32 PDT"]
[Termination "Gareth-Bale11 won by resignation"]

1. e4 e5 2. Nf3 Nc6 3. Bb5 a6 4.
Ba4 Nf6 5. O-O Be7 6. Re1 b5 7.
Bb3 d6 8. a4 Bd7 9. Nc3 Na5 10.
Ba2 b4 11. Nd5 b3 12. Nxf6+ Bxf6 13. cxb3 Nc6 14. b4 Nxb4 15. Bxf7+ Kxf7 16. Qb3+ Be6 17. Qxb4 c5 18. Qb7+ Qe7 19. Qxe7+ Kxe7 20. d3 Rab8 21. Ra3 Rb4 22. Nd2 Rhb8 23. Kf1 Bd7 24. a5 Bb5 25. Ke2 Bg5 26. f3 Ke6 27.
b3 Bc6 28. Nc4 Bxc1 29. Rd1 Bxa3 30. Rc1 Bxc1 0-1

[Event "*** Titled Tuesday Blitz"]
[Site "Chess.com"]
[Date "2020.04.21"]
[Round "9"]
[White "Nikolaj_6"]
[Black "Anaj14"]
[Result "1-0"]
[WhiteElo "2587"]
[BlackElo "2177"]
[TimeControl "180+1"]
[EndTime "11:47:35 PDT"]
[Termination "Nikolaj_6 won by checkmate"]

1. e4 c5 2. Nf3 d6 3. d4 cxd4 4.
Nxd4 Nf6 5. Nc3 g6 6. Be3 Bg7 7. Be2 O-O 8. Qd2 Nc6 9. O-O-O Rb8 10. h4 Nxd4 11. Bxd4 b5 12. f3 b4 13. Nd5 Nxd5 14. Bxg7 Kxg7 15. exd5 e5 16. dxe6 Bxe6 17. Kb1 d5 18. h5 Rh8 19. Qd4+ f6 20. Qxa7+ Qd7 21. Qxd7+ Bxd7 22. Rxd5 Be6 23. Rd6 Kf7 24.
b3 g5 25. h6 f5 26. Re1 Rhe8 27.
Bd3 Re7 28. Rexe6 Rxe6 29. Bc4 Re8 30. a4 bxa3 31. Ka2 Kf6 32. Rxe6+ Rxe6 33. Bxe6 Kxe6 34. b4 f4 35. b5 Kf5 36. b6 g4 37. b7 gxf3 38.
gxf3 Kg5 39. b8=Q Kxh6 40. Qxf4+ Kh5 41. Qg4+ Kh6 42. Qg3 Kh5 43. Kxa3 h6 44. Qg4# 1-0

[Event "*** Titled Tuesday Blitz"]
[Site "Chess.com"]
[Date "2020.04.21"]
[Round "9"]
[White "Beca95"]
[Black "Muracle"]
[Result "1-0"]
[WhiteElo "2871"]
[BlackElo "2643"]
[TimeControl "180+1"]
[EndTime "11:47:37 PDT"]
[Termination "Beca95 won by resignation"]

1. d4 Nf6 2. Nf3 g6 3. Bg5 Bg7 4. Nbd2 O-O 5. c3 c5 6. Bxf6 Bxf6 7. Ne4 Bg7 8. Nxc5 Nc6 9. e3 d6 10. Nb3 e5 11. dxe5 dxe5 12. e4 Qe7 13. Nbd2 Be6 14. Bc4 Rad8 15. Bxe6 Qxe6 16. Qb3 Qg4 17. O-O b6 18. Rfe1 Kh8 19. h3 Qc8 20. Nc4 Qc7 21. Ne3 Na5 22. Qc2 Qb7 23. Rad1 h6 24. Nd5 Nc4 25. b3 Nd6 26. c4 f5 27. exf5 gxf5 28. Nxe5 Kh7 29. Nf3 Ne4 30. Rxe4 fxe4 31. Qxe4+ Kg8 32.
Nf6+ Bxf6 33. Qxb7 Rxd1+ 34. Kh2 Bg7 35. Qxa7 Rd6 36.
c5 bxc5 37. Qxc5 Rfd8 38. a4 Rd3 39. a5 Bf8 40. Qc4+ Kh7 41. Ne5 R3d5 42. Qe4+ Kg8 43.
Qg4+ Bg7 44. f4 Rf8 45. Qe6+ 1-0

[Event "*** Titled Tuesday Blitz"]
[Site "Chess.com"]
[Date "2020.04.21"]
[Round "9"]
[White "HanSchut"]
[Black "IMAghasiyevKamal"]
[Result "0-1"]
[WhiteElo "2265"]
[BlackElo "2508"]
[TimeControl "180+1"]
[EndTime "11:47:46 PDT"]
[Termination "IMAghasiyevKamal won by resignation"]

1. e4 e5 2. Nf3 Nc6 3. Bc4 Bc5 4. b4 Bxb4 5. c3 Bc5 6. d4 exd4 7. O-O d6 8. cxd4 Bb6 9. d5 Na5 10. Bd3 Ne7 11.
Bb2 O-O 12. Nbd2 Ng6 13. Qc2 f6 14. a4 c5 15. dxc6 Nxc6 16. Qc3 Be6 17. a5 Bxa5 18. Rxa5 Qxa5 19. Qc1 Nce5 20. Be2 Nf4 21. Qd1 Rac8 22. Nd4 Bf7 23. Nf5 Rcd8 24. g3 Nxe2+ 25. Qxe2 Qxd2 0-1

[Event "*** Titled Tuesday Blitz"]
[Site "Chess.com"]
[Date "2020.04.21"]
[Round "9"]
[White "RiskyDecision"]
[Black "BrizuelaReivis"]
[Result "1-0"]
[WhiteElo "2516"]
[BlackElo "2265"]
[TimeControl "180+1"]
[EndTime "11:47:49 PDT"]
[Termination "RiskyDecision won by resignation"]

1. d4 d5 2. c4 e6 3. Nf3 c5 4. g3 Nf6 5. Bg2 Nc6 6. O-O Be7 7. dxc5 O-O 8. cxd5 exd5 9. Qc2 Be6 10. a3 a5 11.
Rd1 Rc8 12. Be3 Qc7 13. Nc3 Rfd8 14. Na4 Ne4 15. Bf4 Qd7 16. Nb6 Qe8 17. Nxc8 Rxc8 18. Be3 Qf8 19. Rac1 Bf5 20. Qb3 Be6 21. Qxb7 Bxc5 22. Bxc5 Nxc5 23. Qb5 Na7 24. Qxa5 1-0

[Event "*** Titled Tuesday Blitz"]
[Site "Chess.com"]
[Date "2020.04.21"]
[Round "9"]
[White "Jumbo"]
[Black "RaphaeI"]
[Result "0-1"]
[WhiteElo "2816"]
[BlackElo "2679"]
[TimeControl "180+1"]
[EndTime "11:47:50 PDT"]
[Termination "RaphaeI won by resignation"]

1. Nf3 Nf6 2. g3 g6 3. Bg2 Bg7 4. c4 O-O 5. d4 c5 6. d5 d6 7.
Nc3 e6 8. O-O exd5 9. cxd5 Re8 10. Bf4 Ne4 11. Nxe4 Rxe4 12. Nd2 Rxf4 13. gxf4 Bxb2 14.
Rb1 Bg7 15. e4 Nd7 16. Re1 Qf6 17. e5 Qxf4 18. Re4 Qg5 19. f4 Qd8 20. Nc4 dxe5 21. fxe5 b5 22. e6 bxc4 23. e7 Qe8 24. d6 Nb6 25.
Rxc4 Nxc4 26. Bxa8 Bd4+ 27. Kh1 Nxd6 28. Qe2 Be6 0-1

[Event "*** Titled Tuesday Blitz"]
[Site "Chess.com"]
[Date "2020.04.21"]
[Round "9"]
[White "INLOVEWITHF"]
[Black "Raja3401"]
[Result "1-0"]
[WhiteElo "2535"]
[BlackElo "2681"]
[TimeControl "180+1"]
[EndTime "11:47:50 PDT"]
[Termination "INLOVEWITHF won by resignation"]

1. d4 Nf6 2. c4 e6 3. Nc3 Bb4 4. f3 d5 5. a3 Be7 6. e4 dxe4 7.
fxe4 c5 8. d5 exd5 9. exd5 O-O 10. Be2 Bd6 11. Nf3 Bg4 12. O-O Re8 13. Nb5 a6 14.
Nxd6 Qxd6 15. h3 Bh5 16. b3 Ne4 17. Ng5 Bxe2 18. Qxe2 Qg6 19. Re1 f5 20. Nxe4 Rxe4 21. Qd2 Nd7 22. Rxe4 fxe4 23. Qg5 Qf6 24. Qxf6 gxf6 25.
Kf2 Kf7 26. g4 b5 27. Bf4 Ra7 28. Ke3 Nb6 29. Rc1 bxc4 30. bxc4 Rb7 31. Kxe4 Nd7 32.
Kf5 Rb3 33. Re1 Rf3 34. Re6 Rxa3 35. d6 Nf8 36. Re7+ Kg8 37. Kxf6 Rf3 38. Re4 Rd3 39. Re8 a5 40. Ke7 1-0

[Event "*** Titled Tuesday Blitz"]
[Site "Chess.com"]
[Date "2020.04.21"]
[Round "9"]
[White "FeketeBarika"]
[Black "FearNoEvil12"]
[Result "1/2-1/2"]
[WhiteElo "2268"]
[BlackElo "2036"]
[TimeControl "180+1"]
[EndTime "11:47:52 PDT"]
[Termination "Game drawn by repetition"]

1. Nf3 d5 2. g3 Nf6 3. Bg2 c6 4. c4 e6 5. O-O Bd6 6. b3 Nbd7 7.
Bb2 O-O 8. d3 e5 9. Nbd2 Qe7 10.
e4 dxe4 11. dxe4 Bc5 12. a3 a5 13. Qc2 Re8 14. Bc3 Bb6 15. b4 axb4 16. axb4 Rxa1 17.
Rxa1 Bc7 18. c5 Nf8 19. Qb2 Ng6 20. Nc4 Nxe4 21. Bxe5 Nxe5 22. Nfxe5 Bxe5 23. Nxe5 Qxe5 24. Qxe5 Rxe5 25. Ra8 Re8 26. Bxe4 g6 27. Bd3 Kf8 28. Ra1 Bg4 29. Rc1 Bf3 30. h3 Rd8 31. Bf1 Rd4 32. b5 cxb5 33. Bxb5 Kg7 34. c6 bxc6 35. Bxc6 Bxc6 36.
Rxc6 Rd2 37. Kg2 h5 38. g4 hxg4 39. hxg4 Ra2 40. Kg3 g5 41. f3 Ra1 42. Rb6 f6 43.
Rb7+ Kg6 44. Rb8 Ra2 45. Rb7 Ra3 46. Rc7 Ra2 47. Rb7 Ra3 48. Rc7 Ra2 49. Rb7 1/2-1/2

[Event "*** Titled Tuesday Blitz"]
[Site "Chess.com"]
[Date "2020.04.21"]
[Round "9"]
[White "GMMatamoros"]
[Black "davigator"]
[Result "1-0"]
[WhiteElo "2532"]
[BlackElo "2388"]
[TimeControl "180+1"]
[EndTime "11:47:55 PDT"]
[Termination "GMMatamoros won by resignation"]

1. Nf3 d5 2. e3 c6 3. c4 Nf6 4. Nc3 e6 5. b3 Be7 6. Bb2 O-O 7.
Qc2 a5 8. Be2 Nbd7 9. d4 Re8 10.
O-O Nb6 11. Ne5 c5 12. Rad1 cxd4 13. exd4 Bd7 14. c5 Nc8 15. f4 Bc6 16. Bd3 h6 17. g4 Nd7 18. Bh7+ Kf8 19. a3 Nf6 20. g5 hxg5 21. fxg5 a4 22. b4 b6 23. Nxc6 Qc7 24. Ne5 bxc5 25. bxc5 Na7 26. Qf2 Nc6 27. gxf6 Bxf6 28. Ng4 Bg5 29. Nb5 Qd7 30. Nd6 f6 31. h4 g6 32. Nxf6 Kg7 33. Nxd7 1-0

[Event "*** Titled Tuesday Blitz"]
[Site "Chess.com"]
[Date "2020.04.21"]
[Round "9"]
[White "Maybe00"]
[Black "SPEEDSKATER"]
[Result "0-1"]
[WhiteElo "2655"]
[BlackElo "2787"]
[TimeControl "180+1"]
[EndTime "11:48:00 PDT"]
[Termination "SPEEDSKATER won by resignation"]

1. d4 d5 2. c4 c6 3. Nf3 Nf6 4. Nc3 a6 5. g3 dxc4 6. Bg2 e6 7.
O-O b5 8. Ne5 Bb7 9. b3 cxb3 10.
axb3 Nbd7 11. Qc2 Rc8 12. Ne4 Nxe4 13. Bxe4 Nxe5 14. dxe5 Qc7 15. Bxh7 Qxe5 16. Rd1 Qxa1 17. Qd2 Be7 18. Bb2 Qxd1+ 19. Qxd1 Rxh7 20. Qd3 g6 21. Qe4 Rh5 22. b4 Rd5 23. f3 c5 24. Qe3 cxb4 25.
Qb6 Bc5+ 0-1

[Event "*** Titled Tuesday Blitz"]
[Site "Chess.com"]
[Date "2020.04.21"]
[Round "9"]
[White "Batica1984"]
[Black "nocnypako"]
[Result "1-0"]
[WhiteElo "2764"]
[BlackElo "2582"]
[TimeControl "180+1"]
[EndTime "11:48:04 PDT"]
[Termination "Batica1984 won by resignation"]

1. e4 e6 2. d4 d5 3. Nc3 Bb4 4. e5 c5 5. a3 Bxc3+ 6. bxc3 Qa5 7.
Bd2 Qa4 8. h4 Nc6 9. h5 Bd7 10.
Nf3 O-O-O 11. Rh4 Nge7 12. dxc5 Qa5 13. Rb1 Nf5 14. Rf4 f6 15. exf6 gxf6 16. g4 Nh6 17. Bb5 e5 18. Ra4 Qc7 19. Bxh6 e4 20. Nd4 Nb8 21.
Rxa7 Qxc5 22. Ra8 Bxb5 23. Rxb5 Qxc3+ 24. Bd2 Qh3 25. Bf4 1-0

[Event "*** Titled Tuesday Blitz"]
[Site "Chess.com"]
[Date "2020.04.21"]
[Round "9"]
[White "Tonychess32"]
[Black "jonaszmb"]
[Result "1-0"]
[WhiteElo "2654"]
[BlackElo "2475"]
[TimeControl "180+1"]
[EndTime "11:48:06 PDT"]
[Termination "Tonychess32 won by resignation"]

1. e4 c5 2. Nf3 Nc6 3. c3 Nf6 4. e5 Nd5 5. d4 cxd4 6. cxd4 d6 7. Bd3 Ndb4 8. Bb5 Bf5 9. O-O dxe5 10. Nxe5 a6 11. Bxc6+ Nxc6 12. Nxc6 bxc6 13. Qa4 Qd7 14.
Nc3 e6 15. Rd1 Bd6 16. b3 O-O 17. Ba3 Bxa3 18. Qxa3 Rfd8 19. Rac1 a5 20. Na4 Qa7 21. Qc5 Qxc5 22. Rxc5 Rd5 23. Rxc6 e5 24. Nb6 Rad8 25. Nxd5 Rxd5 26. Rc5 Rd8 27. Rxe5 Bc2 28. Rd2 Bg6 29.
Rxa5 h5 30. f3 h4 31. h3 f5 32. d5 f4 33. d6 Bf7 34. d7 Be6 35. Rc5 Kf7 36.
Rc8 Rxd7 37. Rxd7+ Bxd7 38. Rc7 Ke6 39. Rxd7 Kxd7 40. Kf2 Kc6 41. Ke2 Kc5 42. Kd3 g6 43. Ke4 Kb4 44. Kxf4 Kc3 45. Kg5 Kd2 46. Kxh4 Ke3 47.
Kg3 1-0

[Event "*** Titled Tuesday Blitz"]
[Site "Chess.com"]
[Date "2020.04.21"]
[Round "9"]
[White "losersgame"]
[Black "ama18"]
[Result "0-1"]
[WhiteElo "2352"]
[BlackElo "2481"]
[TimeControl "180+1"]
[EndTime "11:48:06 PDT"]
[Termination "ama18 won on time"]

1. d4 Nf6 2. c4 e6 3. Nc3 Bb4 4.
e3 b6 5. Bd3 Bb7 6. Nf3 Ne4 7.
Qc2 Bxc3+ 8. bxc3 f5 9. d5 exd5 10. cxd5 Bxd5 11. c4 Bb7 12. Bb2 O-O 13. g4 Nc5 14. Bxf5 Bxf3 15. Bxh7+ Kh8 16. Qg6 Ne6 17. Qh6 Qg5 18. Qh3 Rf6 19. Bg6+ Kg8 20. Qh7+ Kf8 21. Qh8+ Ke7 0-1

[Event "*** Titled Tuesday Blitz"]
[Site "Chess.com"]
[Date "2020.04.21"]
[Round "9"]
[White "Shazuli9878"]
[Black "MarcoCorvi"]
[Result "1-0"]
[WhiteElo "2405"]
[BlackElo "2186"]
[TimeControl "180+1"]
[EndTime "11:48:06 PDT"]
[Termination "Shazuli9878 won by resignation"]

1. Nf3 f5 2. d4 Nf6 3. g3 g6 4.
Bg2 Bg7 5. O-O d6 6. c4 O-O 7. Nc3 Nc6 8. b3 e5 9. Bb2 e4 10. Ne1 Bd7 11. e3 Ne7 12. Rc1 c6 13. d5 c5 14. f3 exf3 15. Bxf3 g5 16. Qc2 Ng6 17. e4 f4 18. Ne2 g4 19. Bh1 f3 20. Nxf3 gxf3 21. Bxf3 Qe7 22. Nf4 Nxf4 23. gxf4 Kh8 24.
e5 Ng8 25. e6 Be8 26. Be4 Nf6 27. Bd3 Rg8 28. Kh1 Bh5 29. Rf2 Raf8 30. Rg1 Ne8 31.
Bxh7 Bxb2 32. Bxg8 Rxg8 33. Qxb2+ Qf6 34. Qxf6+ Nxf6 35.
Rg5 Ne4 36. Rxh5+ Kg7 37. Rg2+ Kf8 38. e7+ Kxe7 39. Rxg8 1-0

[Event "*** Titled Tuesday Blitz"]
[Site "Chess.com"]
[Date "2020.04.21"]
[Round "9"]
[White "SanchezKelvin"]
[Black "Arman_Hakemi"]
[Result "0-1"]
[WhiteElo "2417"]
[BlackElo "2573"]
[TimeControl "180+1"]
[EndTime "11:48:11 PDT"]
[Termination "Arman_Hakemi won by resignation"]

1. d4 Nf6 2. c4 e6 3. Nf3 b6 4. g3 Ba6 5. Qc2 Bb7 6. Bg2 c5 7.
d5 exd5 8. cxd5 Bxd5 9. O-O Be7 10. Nc3 Bc6 11. e4 d6 12. Rd1 Qc7 13. Bf4 O-O 14. e5 dxe5 15. Nxe5 Bxg2 16. Kxg2 Qb7+ 17. Kg1 Nc6 18.
Qe2 Nd4 19. Qc4 Bd6 20. Nxf7 Rxf7 21. Bxd6 Nf3+ 22. Kf1 Nxh2+ 23. Kg1 Nf3+ 24. Kf1 Re8 25. Nd5 Re1+ 26. Rxe1 Nd2+ 27. Kg1 Nxc4 28. Ne7+ 0-1

[Event "*** Titled Tuesday Blitz"]
[Site "Chess.com"]
[Date "2020.04.21"]
[Round "9"]
[White "wnstop"]
[Black "GMNeiksans"]
[Result "0-1"]
[WhiteElo "2598"]
[BlackElo "2856"]
[TimeControl "180+1"]
[EndTime "11:48:12 PDT"]
[Termination "GMNeiksans won by resignation"]

1. e4 c5 2. Nf3 e6 3. d4 cxd4 4. Nxd4 Nc6 5. Nc3 Qc7 6. Be3 a6 7. Qf3 Nf6 8. O-O-O d6 9. Nxc6 bxc6 10. Qg3 e5 11. Bc4 Rb8 12. Bb3 a5 13. Kb1 Rb4 14.
f3 Be6 15. Na4 Be7 16. Bd2 O-O 17. Bxb4 axb4 18. Bxe6 fxe6 19. Qh3 Kf7 20. g4 Ra8 21. b3 h6 22. Rhg1 Nd7 23. Qh5+ Kf8 24. Qg6 Rxa4 25.
bxa4 Nc5 26. g5 Bxg5 27. Rxg5 hxg5 28. Qxg5 Nxa4 29. Ka1 Nc3 30. Rd3 Qa5 31. Rxc3 bxc3 32. f4 Qb6 0-1

[Event "*** Titled Tuesday Blitz"]
[Site "Chess.com"]
[Date "2020.04.21"]
[Round "9"]
[White "Belka1989"]
[Black "PetrolulSah"]
[Result "1-0"]
[WhiteElo "2358"]
[BlackElo "2213"]
[TimeControl "180+1"]
[EndTime "11:48:13 PDT"]
[Termination "Belka1989 won by resignation"]

1. e4 e5 2. d4 exd4 3. Bc4 Nf6 4. Nf3 Nxe4 5. Qxd4 Nf6 6. Nc3 c6 7. Bg5 Be7 8.
O-O-O d5 9. Bd3 Be6 10. Rhe1 Qb6 11. Qh4 Nbd7 12. Nd4 c5 13. Nxe6 fxe6 14. Bg6+ Kd8 15.
Bf7 Nf8 16. Nxd5 exd5 17. Bxd5 N8d7 18. Be6 h6 19. Bxf6 Bxf6 20. Rxd7+ Ke8 21. Qh5+ 1-0

[Event "*** Titled Tuesday Blitz"]
[Site "Chess.com"]
[Date "2020.04.21"]
[Round "9"]
[White "kuba2006"]
[Black "nabukatnezarr"]
[Result "0-1"]
[WhiteElo "2439"]
[BlackElo "2499"]
[TimeControl "180+1"]
[EndTime "11:48:14 PDT"]
[Termination "nabukatnezarr won by checkmate"]

1. e4 e5 2. Nf3 Nc6 3. Nc3 h6 4. d4 d6 5. Bc4 exd4 6. Nxd4 Nf6 7. O-O Be7 8. Nxc6 bxc6 9. Qf3 O-O 10. Rd1 Qe8 11. Qg3 Kh8 12. b3 Nh5 13. Qf3 f5 14. Bb2 fxe4 15. Qxe4 d5 16. Nxd5 cxd5 17. Bxd5 Bf5 18.
Qe3 Bg5 19. Qc5 Rd8 20. Qxc7 Bxc2 21. Qxc2 Nf4 22. Bc6 Qh5 23. Re1 Nd3 24. Rf1 Nxb2 25. Qxb2 Bf6 26. Qa3 Bxa1 27. Rxa1 Rd1+ 28. Rxd1 Qxd1# 0-1

[Event "*** Titled Tuesday Blitz"]
[Site "Chess.com"]
[Date "2020.04.21"]
[Round "9"]
[White "Falia-p"]
[Black "ChristianAlm"]
[Result "1-0"]
[WhiteElo "2348"]
[BlackElo "2456"]
[TimeControl "180+1"]
[EndTime "11:48:14 PDT"]
[Termination "Falia-p won by resignation"]

1. e4 c5 2. Nf3 d6 3. d4 cxd4 4. Nxd4 Nf6 5. Nc3 g6 6. Be3 Bg7 7. f3 O-O 8. Qd2 Nc6 9. O-O-O Nxd4 10. Bxd4 Be6 11. Kb1 a6 12. h4 b5 13. h5 Qc7 14.
hxg6 hxg6 15. g4 Rfc8 16. Bd3 b4 17. Nd5 Bxd5 18. exd5 a5 19. g5 Nh5 20. Bxg7 Kxg7 21. f4 Rh8 22. f5 Qc5 23. fxg6 fxg6 24. Qe2 Rae8 25. Qe4 Reg8 26. Qxg6+ Kf8 27. Rdf1+ Nf6 28. Rxh8 Rxh8 29. gxf6 Rg8 30. fxe7+ Kxe7 1-0

[Event "*** Titled Tuesday Blitz"]
[Site "Chess.com"]
[Date "2020.04.21"]
[Round "9"]
[White "ADODOVE"]
[Black "PowerThinking2650"]
[Result "0-1"]
[WhiteElo "1927"]
[BlackElo "2273"]
[TimeControl "180+1"]
[EndTime "11:48:14 PDT"]
[Termination "PowerThinking2650 won by checkmate"]

1. e4 e5 2. Nf3 Nc6 3. d4 exd4 4. Bc4 Nf6 5. O-O Nxe4 6. Re1 d5 7. Bxd5 Qxd5 8. Nc3 Qa5 9. Nxe4 Be6 10. Bd2 Bb4 11. Bxb4 Qxb4 12. a3 Qc4 13. b3 Qd5 14. c4 Qh5 15. Neg5 O-O-O 16. Nxe6 fxe6 17. Rxe6 d3 18. b4 Qf5 19. Rxc6 bxc6 20. Qa4 Qe4 21. Qa6+ Kb8 22. b5 c5 23. b6 cxb6 24. Rb1 Qb7 25. Qa4 Rhe8 26. Nd2 Re2 27. Nb3 d2 28. Nxc5 Re1+ 29.
Rxe1 dxe1=Q# 0-1

[Event "*** Titled Tuesday Blitz"]
[Site "Chess.com"]
[Date "2020.04.21"]
[Round "9"]
[White "Saloni1299"]
[Black "NZT72"]
[Result "1-0"]
[WhiteElo "2309"]
[BlackElo "2431"]
[TimeControl "180+1"]
[EndTime "11:48:16 PDT"]
[Termination "Saloni1299 won on time"]

1. e4 c5 2. Nf3 d6 3. d4 cxd4 4. Nxd4 Nf6 5. Nc3 a6 6. Be3 e5 7. Nb3 Be6 8. f3 h5 9. Qd2 Nbd7 10. Nd5 Bxd5 11. exd5 g6 12. Na5 Qc7 13. c4 Bg7 14. Rc1 O-O 15. Be2 e4 16. f4 Nc5 17. b4 Nd3+ 18. Bxd3 exd3 19. Qxd3 Ng4 20. O-O Nxe3 21. Qxe3 Rfe8 22. Qd3 Qb6+ 23. Kh1 Qxb4 24. Nb3 Qb6 25. c5 dxc5 26. Nxc5 Rac8 27. Nb3 Rxc1 28. Rxc1 Qf2 29. Rf1 Re1 30. Nd2 Bc3 31. Rxe1 Qxe1+ 32. Nf1 Bb4 33. g3 Bc5 34. Kg2 Qf2+ 35. Kh3 Bd6 36. Nd2 1-0